 Dungeon Crawl Stone Soup version 0.22.1-1-ga44c0e56f4 (webtiles) character file.

2073 Nixze the Changer (level 9, -4/64 HPs)
             Began as a Red Draconian Transmuter on Oct 29, 2018.
             Was a Follower of Vehumet.
             Killed from afar by a smoke demon (9 damage)
             ... with a ball of steam
             ... on level 1 of the Abyss.
             The game lasted 00:22:34 (8345 turns).

Nixze the Changer (Red Draconian Transmuter)        Turns: 8345, Time: 00:22:35

Health: -4/64      AC:  8    Str: 19    XL:     9   Next: 6%
Magic:  14/15      EV: 12    Int: 15    God:    Vehumet [*.....]
Gold:   339        SH:  5    Dex: 13    Spells: 6/16 levels left

rFire    + . .     SeeInvis .     - Unarmed
rCold    . . .     Gourm    .   g - +0 buckler
rNeg     + . .     Faith    .   (armour unavailable)
rPois    .         Spirit   .   (helmet restricted)
rElec    .         Reflect  .   u - +0 cloak
rCorr    .         Harm     .   (no gloves)
MR       .....                  (no boots)
Stlth    +.........             (no amulet)
HPRegen  0.20/turn              f - +6 ring of strength
MPRegen  0.14/turn              w - ring of positive energy

@: no status effects
A: breathe fire, unfitting armour, fire resistance 1, cold-blooded, AC +7
a: Breathe Fire, Renounce Religion


You were on level 1 of the Abyss.
You worshipped Vehumet.
Vehumet was aware of your devotion.
You were hungry.

You visited 1 branch of the dungeon, and saw 6 of its levels.
You visited the Abyss 1 time.
You also visited: Ossuary.

You collected 339 gold pieces.

Inventory:

Missiles
 a - 105 arrows
Armour
 g - a +0 buckler (worn)
 u - a +0 cloak (worn)
Jewellery
 f - a +6 ring of strength (left hand)
 r - an uncursed ring of fire
 w - a ring of positive energy (right hand)
Scrolls
 b - 9 scrolls of identify
 h - 2 scrolls of fear
 j - 3 scrolls of remove curse
 l - a scroll of magic mapping
 m - 3 scrolls of enchant weapon
 p - a scroll of amnesia
 s - a scroll of teleportation
 y - a scroll of blinking {unknown}
 B - a scroll of fog {unknown}
Potions
 d - a potion of magic {unknown}
 e - 5 potions of curing
 i - a potion of brilliance {unknown}
 k - a potion of mutation {unknown}
 n - 4 potions of haste {unknown}
 o - 2 potions of ambrosia
 q - 4 potions of might
 t - 7 potions of flight {unknown}
 v - 2 potions of agility {unknown}
 x - a potion of heal wounds {unknown}
 z - 2 potions of invisibility {unknown}
 A - 3 potions of degeneration {unknown}
 C - a potion of lignification {unknown}
Comestibles
 c - 3 rations


   Skills:
 - Level 1.1 Fighting
 - Level 1.7 Dodging
 - Level 4.0 Shields
 + Level 7.2 Unarmed Combat
 * Level 4.0 Spellcasting
 * Level 3.7 Summonings
 * Level 7.2 Transmutations


You had 6 spell levels left.
You knew the following spells:

 Your Spells              Type           Power        Failure   Level  Hunger
b - Spider Form           Tmut/Pois      ##........   12%         3    ###....
c - Monstrous Menagerie   Summ           ##........   100%        7    #######

Your spell library contained the following spells:

 Spells                   Type           Power        Failure   Level  Hunger
 Shock                    Conj/Air       #...         19%         1    None
 Beastly Appendage        Tmut           ###...       1%          1    None
 Sticks to Snakes         Tmut           ###.....     1%          2    ##.....
 Blade Hands              Tmut           ###.......   26%         5    ######.
 Ice Form                 Ice/Tmut       ##......     38%         4    ####...
 Malign Gateway           Summ/Tloc      #.........   100%        7    #######
 Summon Greater Demon     Summ           ##........   100%        7    #######
 Summon Horrible Things   Summ           ##........   100%        8    #######


Dungeon Overview and Level Annotations

Branches:
Dungeon (6/15)             Temple (0/1) D:4

Altars:
Dithmenos
Fedhas
Gozag
Kikubaaqudgha
Okawaru
Qazlal
Ru
Trog
Vehumet
Zin
The Shining One

Shops:
D:4 *


Innate Abilities, Weirdness & Mutations

You can breathe blasts of fire.
Your fiery red scales are hard. (AC +7)
You cannot fit into any form of body armour.
Your flesh is heat resistant. (rF+)
You are cold-blooded and may be slowed by cold attacks.


Message History

A tentacled starspawn comes into view.
Tentacles burst from the starspawn's body! 2 starspawn tentacles come into view.
A smoke demon comes into view.
The smoke demon roars!
The starspawn tentacle grabs you.
* * * LOW HITPOINT WARNING * * *
The starspawn tentacle constricts you.
The starspawn tentacle's grasp on you weakens, but your attempt to escape The starspawn tentacle loses its grip on you.
The tentacle pulls you backwards! The starspawn tentacle grabs you.
The starspawn tentacle constricts you.
A starspawn tentacle segment comes into view.
You escape the starspawn tentacle's grasp.
The ynoxinul gestures.
The starspawn tentacle grabs you. The starspawn tentacle constricts you.
You escape the starspawn tentacle's grasp.
The smoke demon gestures at you. The ball of steam hits you! You resist.
You die...

.## .. .. # .#.#
##.#### #3.
#......##§# #@§.#
#..## ##.# . #.#
... #ww.#....# #
.#.. . .#││..##
##.....
.....││...## #..
.. ...│││....5# ##
... ..
.....││..5#..##.
.# ...
#....X#..#.3####..
## .
##...####...#.#
#..#


You could see a tentacled starspawn, a ynoxinul, 2 starspawn tentacles and 2
ufetubi.

Vanquished Creatures
  Sigmund (D:5)
  A fire bat (Abyss:1)
  2 orc warriors (D:6)
  An ice beast (D:5)
  An ogre (D:5)
  A centaur (D:3)
  6 scorpions (Ossuary)
  A howler monkey (D:3)
  A crimson imp (D:5)
  A bullfrog zombie (D:6)
  A hound (D:5)
  3 human zombies (Ossuary)
  4 centaur zombies
  A gnoll shaman (D:6)
  3 orc priests
  2 iguanas
  Crazy Yiuf (D:3)
  4 orc wizards
  4 worker ants
  A killer bee zombie (D:5)
  3 mummies (Ossuary)
  4 adders
  2 gnolls (D:6)
  3 scorpion zombies (Ossuary)
  A shadow imp (D:5)
  3 oozes
  An adder skeleton (D:5)
  2 worms
  3 dart slugs
  4 leopard geckos
  15 orcs
  A ball python (D:3)
  3 giant cockroaches
  10 goblins
  11 hobgoblins
  9 jackals
  9 kobolds
  2 quokkas
  6 bats
  5 frilled lizards
  A gnoll zombie (Ossuary)
  A goblin zombie (Ossuary)
  3 hobgoblin zombies (Ossuary)
  2 kobold zombies (Ossuary)
  An orc zombie (Ossuary)
  A quokka skeleton (D:5)
  2 quokka zombies
  7 rats
155 creatures vanquished.

Vanquished Creatures (others)
  A goblin zombie (Ossuary)
  An orc zombie (Ossuary)
2 creatures vanquished.

Grand Total: 157 creatures vanquished

Notes
Turn   | Place    | Note
-------+----------+-------------------------------------------
     0 | D:1      | Nixze the Draconian Transmuter began the quest for the Orb.
     0 | D:1      | Reached XP level 1. HP: 16/16 MP: 3/3
   308 | D:1      | Reached XP level 2. HP: 23/23 MP: 5/5
   955 | D:2      | Reached skill level 1 in Shields
   955 | D:2      | Reached XP level 3. HP: 28/28 MP: 4/6
  1452 | D:2      | Reached XP level 4. HP: 28/35 MP: 7/7
  1543 | D:2      | Learned a level 3 spell: Spider Form
  2355 | D:3      | Noticed a centaur
  2360 | D:3      | Killed a centaur
  2360 | D:3      | Reached XP level 5. HP: 28/40 MP: 8/8
  2371 | D:3      | Found an ancient bone altar of Kikubaaqudgha.
  2693 | D:3      | Found a runed door.
  2798 | D:3      | Found a stormy altar of Qazlal.
  2805 | D:3      | Found a blossoming altar of Fedhas.
  3338 | D:3      | Reached XP level 6. HP: 32/47 MP: 9/9
  3662 | D:3      | Noticed Crazy Yiuf
  3743 | D:3      | Killed Crazy Yiuf
  3862 | D:4      | Found Toxt's General Store.
  3936 | D:4      | Found a staircase to the Ecumenical Temple.
  4113 | D:4      | Reached skill level 5 in Unarmed Combat
  4248 | D:4      | Found a radiant altar of Vehumet.
  4248 | D:4      | Found a glowing silver altar of Zin.
  4250 | D:4      | Found a glowing golden altar of the Shining One.
  4252 | D:4      | Found a shadowy altar of Dithmenos.
  4325 | D:4      | Found a sand-covered staircase.
  4330 | Ossuary  | Entered an ossuary
  4360 | Ossuary  | Your scales start taking on a fiery red colour.
  4360 | Ossuary  | Reached XP level 7. HP: 26/52 MP: 8/10
  4360 | Ossuary  | Gained mutation: Your flesh is heat resistant. (rF+) [Red
                  | Draconian growth]
  4839 | Ossuary  | Reached skill level 5 in Transmutations
  6141 | D:4      | Became a worshipper of Vehumet
  6164 | D:5      | Entered Level 5 of the Dungeon
  6167 | D:5      | Reached XP level 8. HP: 58/59 MP: 11/11
  6176 | D:5      | Learned a level 7 spell: Monstrous Menagerie
  6281 | D:5      | Found a sacrificial altar of Ru.
  6307 | D:5      | Noticed Sigmund
  6318 | D:5      | Killed Sigmund
  6318 | D:5      | Reached skill level 1 in Summonings
  7017 | D:5      | Reached * piety under Vehumet
  7017 | D:5      | Offered knowledge of Shock by Vehumet.
  7470 | D:6      | Found a bloodstained altar of Trog.
  7798 | D:6      | Found an opulent altar of Gozag.
  7973 | D:6      | Found an iron altar of Okawaru.
  8257 | D:6      | Cast into level 1 of the Abyss (gnoll)
  8257 | Abyss:1  | Found a corrupted altar of Lugonu.
  8284 | Abyss:1  | Noticed a tentacled starspawn
  8317 | Abyss:1  | HP: 2/59 [fire bat (9)]
  8318 | Abyss:1  | Reached XP level 9. HP: 2/64 MP: 11/15
  8339 | Abyss:1  | Noticed a tentacled starspawn
  8341 | Abyss:1  | Noticed a smoke demon
  8345 | Abyss:1  | Killed from afar by a smoke demon

Skill      XL: |  1  2  3  4  5  6  7  8 |
---------------+-------------------------+-----
Shields        | 1 2 3 4 |  4.0
Transmutations | 3 4 6 7 |  7.2
Unarmed Combat | 4 5 6 7 |  7.2
Summonings     | 3 |  3.7
Spellcasting   | 4 |  4.0
Fighting       | |  1.1
Dodging        | |  1.7

Action                   |  1- 3 |  4- 6 |  7- 9 || total
-------------------------+-------+-------+-------++-------
Melee: Unarmed           |   103 |   191 |   288 ||   582
       Tailslap          |     6 |    23 |    34 ||    63
       Headbutt          |     3 |     5 |       ||     8
       Punch             |     1 |     3 |     7 ||    11
       Kick              |       |     3 |    27 ||    30
 Cast: Beastly Appendage |     4 |     5 |     5 ||    14
       Spider Form       |       |     4 |    10 ||    14
 Abil: Breathe Fire      |       |       |     4 ||     4
  Use: Scroll            |       |     5 |     3 ||     8
       Potion            |       |       |     2 ||     2
 Stab: Sleeping          |     3 |       |     2 ||     5
  Eat: Chunk             |     1 |     7 |     8 ||    16
       Ration            |       |     1 |     2 ||     3
Armor: Skin              |    29 |    71 |    39 ||   139
Dodge: Dodged            |    43 |   130 |   182 ||   355
Block: Buckler           |       |       |     1 ||     1
